 Dungeon Crawl Stone Soup version 0.16-a0-2296-gdce89d5 (webtiles) character file.

2832 PolkaDot the Summoner (level 9, -1/59 HPs)
             Began as a Vampire Summoner on Nov 16, 2014.
             Was a Believer of Sif Muna.
             Succumbed to a water moccasin's poison
             ... on level 8 of the Dungeon.
             The game lasted 00:36:41 (7860 turns).

PolkaDot the Summoner (Vampire Summoner)            Turns: 7860, Time: 00:36:41

Health: -1/59      AC:  7    Str:  7    XL:     9   Next: 45%
Magic:  2/17       EV: 10    Int: 20    God:    Sif Muna [**....]
Gold:   259        SH:  0    Dex: 14    Spells: 4 memorised, 1 level left

rFire  + + +     SeeInvis +     A - +0 quarterstaff
rCold  . . .     Clarity  +     i - +1 leather armour {rF+}
rNeg   . . .     SustAb   .     (no shield)
rPois  .         Gourm    .     (no helmet)
rElec  .         Spirit   .     a - +0 cloak
rCorr  .         Warding  .     x - +0 pair of gloves
rMut   .         Stasis   .     l - +0 pair of boots
MR     .....                    y - amulet of clarity
Stlth  ++........               k - ring of protection from fire
                                j - ring of protection from fire

@: lethally poisoned, very slightly contaminated, regenerating very quickly,
invisible, not resistant to hostile enchantments, unstealthy
A: bottle blood, fangs 3, see invisible, unbreathing
a: Channel Energy, Forget Spell, Renounce Religion


You were on level 8 of the Dungeon.
You worshipped Sif Muna.
Sif Muna was pleased with you.
You were almost alive.

You visited 2 branches of the dungeon, and saw 9 of its levels.

You collected 259 gold pieces.

Inventory:

Hand weapons
 A - a +0 quarterstaff (weapon)
Armour
 a - a +0 cloak (worn)
 i - a +1 leather armour of fire resistance (worn)
 l - a +0 pair of boots (worn)
 x - a +0 pair of gloves (worn)
Jewellery
 j - a ring of protection from fire (left hand)
 k - a ring of protection from fire (right hand)
 y - an amulet of clarity (around neck)
Magical devices
 m - a wand of random effects (20)
 s - a wand of magic darts (30)
 v - a wand of polymorph (15)
Scrolls
 f - a scroll of random uselessness {unknown}
 g - 3 scrolls of enchant weapon
 n - 2 scrolls of amnesia
 p - a scroll of recharging
 r - a scroll of fog
 t - a scroll of teleportation {unknown}
 u - a scroll of immolation {unknown}
Potions
 c - a potion of haste
 h - a potion of agility
 o - 2 potions of restore abilities
 q - 3 potions of blood {@*1}
 w - a potion of brilliance
Books
 b - a book of Callings

   Spells                             Type                      Level
   Summon Small Mammal                Summoning                    1
   *Call Imp                          Summoning                    2
   *Call Canine Familiar              Summoning                    3
   *Summon Guardian Golem             Hexes/Summoning              4
   Summon Lightning Spire             Summoning/Air                4
   *Summon Ice Beast                  Ice/Summoning                4


   Skills:
 - Level 1.5 Fighting
   Level 4.6(4.7) Polearms
 * Level 0.5(2.6) Staves
 - Level 2.1 Dodging
 - Level 3.0 Stealth
 + Level 3.0 Spellcasting
 + Level 9.4 Summonings
 - Level 5.2 Ice Magic
 - Level 5.2 Evocations


You had one spell level left.
You knew the following spells:

 Your Spells              Type           Power        Failure   Level  Hunger
d - Call Canine Familiar  Summ           #####...     1%          3    ###....
g - Summon Guardian Gole  Hex/Summ       ###.....     24%         4    ####...
i - Summon Ice Beast      Ice/Summ       ####....     10%         4    ####...
s - Call Imp              Summ           #####...     1%          2    ##.....


Dungeon Overview and Level Annotations

Branches:
Dungeon (8/15)             Temple (1/1) D:6
   Lair: D:8-11

Altars:
Ashenzari
Cheibriados
Dithmenos
Fedhas
Gozag
Makhleb
Okawaru
Qazlal
Ru
Sif Muna
Trog
Vehumet
Xom
Yredelemnul
Zin
The Shining One
Lugonu


Innate Abilities, Weirdness & Mutations

Your natural rate of healing is extremely fast.
You can bottle blood from corpses.
You have razor-sharp teeth.
You have supernaturally acute eyesight.
You can survive without breathing.


Message History

Your hound bites the water moccasin.
The big kobold barely misses your hound.
The water moccasin bites your ice beast!
Your hound barely misses the water moccasin.
Your ice beast hits the water moccasin.
Your ice beast freezes the water moccasin!
The water moccasin seems to slow down.
The water moccasin dies!
Your Spellcasting skill increases to level 3!
Your crimson imp hits the kobold.
The kobold dies!
Drink which item? (? for menu, Esc to quit)
Yummy - fresh blood!
* * * LOW HITPOINT WARNING * * *
You feel very sick. The big kobold hits your hound.
Your hound barely misses the big kobold.
The stone closely misses your crimson imp.
A kobold comes into view. It is wielding a runed dagger.
You die...

#....≈...# .. #..
.###........##.##.## ##..#
..........K..#....... #...#
.###......(...# ... #...## .
#.......K#K## ...## #.#... #.
#........YhY##.##..####...<.
#.##......5.(5(.#.# #..##...#..
..#...........##....# #.....#....
.5..............@.#.###$......#..
.####..)########..............###
#.#.)YY## ##.#..........##
#.####(.####....###".....#
##...#...### ###....####
###.........### ##......#
#...###.#.#...####..###..
#.####..#.###.......##... #..
#..##.###............


You could see a big kobold, 2 kobolds, 2 friendly ice beasts, a friendly hound
and a friendly crimson imp.

Vanquished Creatures
  The ghost of flegu the Fighter, an experienced OgBe of Trog (D:4)
  An orc warrior (D:4)
  An ogre (D:7)
  A giant frog (D:8)
  A crimson imp (D:6)
  3 hounds
  A centaur skeleton (D:5)
  A jelly (D:6)
  2 giant frog skeletons
  2 orc priests (D:6)
  2 orc wizards (D:6)
  Jessica (D:2)
  4 worker ant zombies
  8 adders
  A shadow imp (D:5)
  2 worms
  3 giant geckos
  An ooze (D:3)
  11 orcs
  10 goblins
  17 hobgoblins
  A jackal (D:4)
  13 kobolds
  2 quokkas
  2 ball pythons
  12 bats
  6 giant cockroaches
  5 giant newts
  14 rats
129 creatures vanquished.

Vanquished Creatures (collateral kills)
  A spriggan (D:7)
  A deep elf mage (D:8)
  Eustachio (D:5)
  A wyvern (D:8)
  A water moccasin (D:8)
  An orc warrior (D:7)
  A phantom (D:6)
  A sky beast (D:8)
  4 centaurs
  4 ogres
  An ice beast (D:5)
  Sigmund (D:7)
  2 scorpions (D:7)
  A quasit (D:6)
  A crimson imp (D:8)
  A giant frog zombie (D:7)
  A giant frog skeleton (D:4)
  An iron imp (D:5)
  2 centaur skeletons
  2 orc priests
  3 iguanas
  4 orc wizards
  A worker ant (D:7)
  A killer bee zombie (D:8)
  A shadow imp (D:5)
  3 adders (D:2)
  2 worms
  7 orcs
  A bat (D:4)
  3 giant cockroaches
  A hobgoblin (D:4)
  2 jackals (D:4)
  3 goblins
  2 kobolds
  2 rats (D:4)
65 creatures vanquished.

Vanquished Creatures (others)
  A wolf (D:4)
  2 ice beasts (D:8)
  8 hounds
  2 white imps (D:4)
  3 shadow imps
16 creatures vanquished.

Grand Total: 210 creatures vanquished

Notes
Turn   | Place    | Note
--------------------------------------------------------------
     0 | D:1      | PolkaDot, the Vampire Summoner, began the quest for the Orb.
     0 | D:1      | Reached XP level 1. HP: 13/13 MP: 3/3
   214 | D:1      | Reached skill level 1 in Fighting
   214 | D:1      | Reached XP level 2. HP: 19/21 MP: 0/4
   253 | D:1      | Learned a level 2 spell: Call Imp
  1100 | D:1      | Reached XP level 3. HP: 18/26 MP: 6/6
  1504 | D:2      | Learned a level 3 spell: Call Canine Familiar
  1550 | D:2      | Found a radiant altar of Vehumet.
  1681 | D:2      | Reached skill level 1 in Evocations
  2046 | D:2      | Reached XP level 4. HP: 28/32 MP: 1/7
  2112 | D:2      | Noticed Jessica
  2117 | D:2      | Gained mutation: You are clumsy. (Dex -2) [potion of mutation]
  2117 | D:2      | Gained mutation: You expend magic power (6 MP) to slightly strengthen your wands. [potion of mutation]
  2117 | D:2      | Gained mutation: You tend to lose your temper in combat. [potion of mutation]
  2139 | D:2      | Killed Jessica
  2139 | D:2      | Reached skill level 5 in Summonings
  2395 | D:3      | Reached XP level 5. HP: 20/37 MP: 2/9
  2581 | D:3      | Found a glowing silver altar of Zin.
  2582 | D:3      | Noticed an angel
  3335 | D:4      | Noticed an orc warrior
  3464 | D:4      | Noticed flegu's ghost (experienced OgBe)
  3555 | D:4      | Killed flegu's ghost
  3555 | D:4      | Reached skill level 7 in Summonings
  3555 | D:4      | Reached skill level 5 in Evocations
  3555 | D:4      | Reached XP level 6. HP: 33/43 MP: 3/11
  3555 | D:4      | Reached XP level 7. HP: 37/48 MP: 3/12
  3834 | D:4      | Found a burning altar of Makhleb.
  3928 | D:4      | Killed an orc warrior
  4011 | D:4      | Learned a level 4 spell: Summon Ice Beast
  4202 | D:4      | Reached skill level 1 in Polearms
  4260 | D:5      | Entered Level 5 of the Dungeon
  4344 | D:5      | Found a blossoming altar of Fedhas.
  4589 | D:5      | Noticed Eustachio
  4616 | D:5      | Killed Eustachio
  4616 | D:5      | Reached XP level 8. HP: 19/54 MP: 3/14
  4626 | D:5      | Found a shimmering altar of Xom.
  5421 | D:6      | Found a staircase to the Ecumenical Temple.
  5438 | Temple   | Entered the Ecumenical Temple
  5765 | D:6      | Found a blossoming altar of Fedhas.
  5805 | D:6      | Reached skill level 8 in Summonings
  5998 | D:6      | Found a sacrificial altar of Ru.
  6132 | D:6      | Found a deep blue altar of Sif Muna.
  6526 | D:6      | Became a worshipper of Sif Muna the Loreminder
  6620 | D:6      | Reached skill level 1 in Ice Magic
  7000 | D:7      | Acquired Sif Muna's first power
  7047 | D:7      | Reached XP level 9. HP: 26/59 MP: 13/16
  7230 | D:7      | Noticed Sigmund
  7240 | D:7      | Killed Sigmund
  7294 | D:7      | Reached skill level 9 in Summonings
  7394 | D:7      | Found a shattered altar of Ashenzari.
  7728 | D:8      | Reached skill level 5 in Ice Magic
  7770 | D:8      | Acquired Sif Muna's second power
  7850 | D:8      | Learned a level 4 spell: Summon Guardian Golem
  7857 | D:8      | Lost mutation: You tend to lose your temper in combat. [potion of cure mutation]
  7857 | D:8      | Lost mutation: You expend magic power (6 MP) to slightly strengthen your wands. [potion of cure mutation]
  7857 | D:8      | Lost mutation: You are clumsy. (Dex -2) [potion of cure mutation]
  7859 | D:8      | HP: 2/59 [poisoned by a water moccasin]
  7860 | D:8      | Succumbed to a water moccasin's poison

Action                   |  1- 3 |  4- 6 |  7- 9 || total
-------------------------+-------+-------+-------++-------
Melee: Unarmed           |    24 |       |       ||    24
       Whip              |   191 |   121 |       ||   312
       Spear             |       |    68 |   494 ||   562
       Quarterstaff      |       |       |     1 ||     1
 Cast: Summon Small Mamm |    10 |       |       ||    10
       Call Imp          |     6 |     9 |    22 ||    37
       Call Canine Famil |     3 |     9 |    27 ||    39
       Summon Ice Beast  |       |       |     6 ||     6
Invok: Channel Energy    |       |       |    16 ||    16
 Abil: Evoke Berserk Rag |       |     1 |     2 ||     3
Evoke: Wand              |       |       |     3 ||     3
  Use: Potion            |     1 |     9 |    41 ||    51
       Scroll            |     1 |     5 |     6 ||    12
 Stab: Sleeping          |     5 |     2 |     7 ||    14
       Distracted        |     2 |       |     3 ||     5
       Invisible         |       |       |     1 ||     1
  Eat: Corpse            |    21 |    13 |    12 ||    46
